 Dungeon Crawl Stone Soup version 0.19.4-8-ga85b6b9 (webtiles) character file.

233048 winWinterter the Fencer (level 20, -3/163 HPs)
             Began as a Formicid Venom Mage on Feb 11, 2017.
             Was a Believer of Ru.
             Slain by a naga warrior
             ... wielding a +0 hand axe
              (9 damage)
             ... on level 4 of the Snake Pit on Feb 13, 2017.
             The game lasted 05:29:16 (53163 turns).

winWinterter the Fencer (Formicid Venom Mage)      Turns: 53163, Time: 05:29:18

Health: -3/163     AC: 23    Str: 16    XL:     20   Next: 34%
Magic:  24/30      EV: 15    Int: 20    God:    Ru [**....]
Gold:   1271       SH: 17    Dex: 28    Spells: 9 memorised, 3 levels left

rFire  + . .     SeeInvis +     T - +9 great sword (flame)
rCold  + . .     Gourm    .     f - +4 ring mail of the Equinox {Str+2} (curse)
rNeg   . . .     Faith    .     L - +2 shield {AC+3}
rPois  .         Spirit   .     (helmet unavailable)
rElec  .         Reflect  .     E - +1 cloak "Nenidd" {MR+ Dex+3}
rCorr  .         Harm     .     J - +2 pair of gloves {Dex+3}
MR     +++..                    U - +2 pair of boots (curse)
Stlth  ++++......               O - amulet "Hieg" {RegenMP rF+ Dex+6}
                                B - ring "Howibos" {Wiz Stlth+}
                                X - ring of protection from cold

@: lethally poisoned (-3 -> -20), very slow
A: permanent stasis, dig shafts and tunnels, four strong arms, antennae 3,
clever 1, low mp 1, robust 1, hated by all
a: Dig, Shaft Self, Renounce Religion
}: 1/15 runes: barnacled


You were on level 4 of the Snake Pit.
You worshipped Ru.
Ru was pleased with you.
You were near starving.

You visited 6 branches of the dungeon, and saw 32 of its levels.
You also visited: Ice Cave.

You collected 3267 gold pieces.
You spent 1996 gold pieces at shops.

Inventory:

Hand Weapons
 T - a +9 great sword of flaming (weapon)
 W - a +0 great sword of distortion
Missiles
 i - 30 javelins of penetration (quivered)
 Q - 13 steel javelins
 Y - 55 javelins
Armour
 f - the cursed +4 ring mail of the Equinox (worn) {Str+2}
   (You bought it in a shop on level 6 of the Dungeon)

   It affects your strength (+2).
   It has a curse placed upon it.
 E - the +1 cloak "Nenidd" (worn) {MR+ Dex+3}
   (You bought it in a shop on level 2 of the Orcish Mines)

   It affects your dexterity (+3).
   It affects your resistance to hostile enchantments.
 J - a +2 pair of gloves of dexterity (worn)
 L - a +2 shield of protection (worn)
 U - a cursed +2 pair of boots (worn)
Jewellery
 b - the amulet "Wyumm" {Faith +Inv}
   (You found it on level 3 of the Shoals)

   [amulet of faith]

   It allows you to gain divine favour quickly.
   It lets you turn invisible.
 d - an uncursed ring of fire
 e - a +3 ring of dexterity
 q - an uncursed ring of resist corrosion
 t - an uncursed ring of flight
 B - the ring "Howibos" (right hand) {Wiz Stlth+}
   (You found it on level 6 of the Lair of Beasts)

   [ring of wizardry]

   It improves your spell success rate.
   It makes you more stealthy.
 H - a cursed ring of protection from magic
 O - the amulet "Hieg" (around neck) {RegenMP rF+ Dex+6}
   (You bought it in a shop on level 2 of the Orcish Mines)

   [amulet of magic regeneration]

   It increases your magic regeneration.
   It affects your dexterity (+6).
   It protects you from fire.
 P - an uncursed ring of ice
 X - a ring of protection from cold (left hand)
Wands
 m - a wand of iceblast (12/15)
 r - a wand of acid (9/15)
 s - a wand of lightning (7/15)
 K - a wand of lightning (4/15)
 R - a wand of digging (9/24)
Scrolls
 a - 8 scrolls of recharging
 h - 6 scrolls of remove curse
 l - 3 scrolls of magic mapping
 p - 10 scrolls of identify
 u - 3 scrolls of enchant weapon
 y - 4 scrolls of amnesia
 D - a scroll of enchant armour
 M - a scroll of fog
Potions
 o - 6 potions of mutation
 z - 2 potions of flight
 G - a potion of cancellation
 I - 3 potions of cure mutation
 N - 4 potions of brilliance
Books
 n - the Reference Book on Self-Knowledge
   (You found it on level 4 of the Shoals)

   Spells                             Type                      Level
   a - Regeneration                   Charms/Necromancy            3
   b - Deflect Missiles               Charms/Air                   6
 C - a book of Transfigurations

   Spells                             Type                      Level
   a - Irradiate                      Conjuration/Transmutation    5
   b - Statue Form                    Transmutation/Earth          6
   c - Hydra Form                     Transmutation                6
   d - Dragon Form                    Transmutation                7
 Z - a book of the Tempests

   Spells                             Type                      Level
   a - Static Discharge               Conjuration/Air              3
   b - Lightning Bolt                 Conjuration/Air              5
   c - Fireball                       Conjuration/Fire             5
   d - Tornado                        Air                          9
   e - Shatter                        Earth                        9
Miscellaneous
 F - a phantom mirror
Comestibles
 c - 15 bread rations
 w - 2 royal jellies


   Skills:
 + Level 10.8 Fighting
   Level 3.6(12.8) Short Blades
 * Level 18.2(18.3) Long Blades
   Level 2.4 Maces & Flails
 + Level 8.7 Armour
 + Level 5.0 Dodging
 - Level 5.0 Stealth
 - Level 15.3 Shields
 + Level 10.1 Spellcasting
 + Level 10.5 Conjurations
 - Level 5.4 Charms
 - Level 6.7 Transmutations
 * Level 3.0 Fire Magic
 - Level 2.9 Earth Magic
 - Level 11.4 Poison Magic
   Level 13.1 Invocations


You had 3 spell levels left.
You knew the following spells:

 Your Spells              Type           Power        Failure   Level  Hunger
a - Sting                 Conj/Pois      ####         1%          1    None
b - Mephitic Cloud        Conj/Pois/Air  #####...     1%          3    None
c - Venom Bolt            Conj/Pois      ######....   1%          5    ####...
d - Fireball              Conj/Fire      #####.....   9%          5    ####...
e - Iskenderun's Mystic   Conj           ######..     1%          4    ##.....
f - Iskenderun's Battles  Conj/Chrm      #####...     4%          5    ####...
g - Sticky Flame          Conj/Fire      #####...     4%          4    ##.....
h - Dazzling Spray        Conj/Hex       ####..       1%          3    None
i - Statue Form           Tmut/Erth      ####.....    92%         6    ######.


Dungeon Overview and Level Annotations

Branches:
Dungeon (15/15) Temple (1/1) D:7 Lair (6/6) D:10 Shoals (4/4) Lair:2 Snake (3/4) Lair:4 Slime (0/5) Lair:6 Orc (2/2) D:10 Elf (0/3) Orc:2 Vaults (0/5) D:13 D:14 Depths (0/5) D:15

Altars:
Ashenzari
Cheibriados
Dithmenos
Elyvilon
Fedhas
Gozag
Hepliaklqana
Kikubaaqudgha
Makhleb
Nemelex Xobeh
Okawaru
Qazlal
Ru
Sif Muna
Trog
Uskayaw
Vehumet
Xom
Yredelemnul
Zin
The Shining One
Jiyva

Shops:
D:6 *   D:7 [!   D:12 (((   Orc:2 ?*=[

Annotations:
D:8 Stiffzip's ghost, novice NaVM
D:14 Xiguana's ghost, adept DrCK
Snake:3 Vashnia


Innate Abilities, Weirdness & Mutations

You are under a permanent stasis effect.
You can dig through walls and to a lower floor.
Your four strong arms can wield two-handed weapons with a shield.
You have a pair of large antennae on your head. (SInv)
Your magical capacity is low. (-10% MP)
You are hated by all.
Your mind is acute. (Int +2)
You are robust. (+10% HP)


Message History

You block the black mamba's attack. The mana viper misses you.
You riposte.
You barely miss the mana viper. The mana viper misses you.
You riposte.
You slash the mana viper! You burn the mana viper!
The mana viper is heavily wounded.
The naga ritualist begins to cast a spell, but is stunned by your will!
The salamander closely misses you.
You block the guardian serpent's attack.
The naga is stunned by your will and fails to attack.
The black mamba closely misses you.
You riposte.
You slice the black mamba!! You burn the black mamba.
The black mamba is severely wounded.
The naga warrior begins to attack, but is stunned by your will!
You redirect the mana viper's attack!
The naga warrior blocks the mana viper's attack.
You block the guardian serpent's attack.
The black mamba barely misses you.
You riposte.
You slice the black mamba!! You burn the black mamba.
You kill the black mamba!
The naga warrior hits you with a hand axe!
You die...

***,,**,,,,,,,,,,,,,,,,,,,*,,,
**,,..............,,,,,,****
*,,.............<,***,,* *
**,,............,,,* ****
**,,,...........#*,,******
***,,,,.......N...#**,*,,,,****
*,,,,,,........N§.#**,,,,,,,,,,
*,,,,,,......SSSS§##...,,,,,,,,
*,,,,,,,,**#..@NN......,,,,,,,,
**,,,,,,,** ###NN§......,,,,,,,*
**,,,,,,,** ##S§......,,,,,***
*,,,,,,,,* #.......#*,,*****
***,,,,,,* *#.......#,,,,,**,
**,,,,,,** *..(......,,,,,,,,
*,,,,,,,,** ***.........,,,,,,,,
*,,,,,,,,,***,,.........,,,,,,,,
**,,,,,,,,,,,,,,,,,,,,,******,,,


You could see 2 naga warriors, a salamander, a naga ritualist, 2 mana vipers, a
guardian serpent, 2 black mambas and 2 nagas.

Vanquished Creatures
  Rupert (D:13)
  A titan (Shoals:1)
  Polyphemus (Shoals:2)
  4 krakens (Shoals:4)
  Frances (D:12)
  Donald (Shoals:4)
  Ilsuiw (Shoals:4)
  A nagaraja (Snake:3)
  Louise (Snake:3)
  Aizul (Shoals:2)
  The ghost of Heskey the Warrior, a journeyman HOFi of Beogh (D:14)
  Snorg (D:12)
  2 blizzard demons (IceCv)
  7 merfolk javelineers (Shoals:4)
  14 merfolk impalers
  The ghost of KromesxD the Fighter, a journeyman MiBe of Trog (D:11)
  2 ice dragons
  The ghost of Feta the Basher, a journeyman GrEE of Vehumet (IceCv)
  9 hydras
  8 naga warriors
  A catoblepas (Shoals:2)
  4 merfolk aquamancers
  5 centaur warriors
  7 anacondas
  2 death knights
  2 alligator snapping turtles
  7 satyrs
  3 ogre magi
  Urug (D:13)
  3 death yaks (Shoals:2)
  5 shock serpents (Snake:2)
  6 naga sharpshooters
  6 orc high priests (Orc:2)
  3 unseen horrors
  9 skeletal warriors
  A wizard (D:15)
  23 sea snakes
  3 naga ritualists (Snake:2)
  A lindwurm (Lair:6)
  Pikel (D:4)
  10 harpies
  12 hill giants
  2 mana vipers (Snake:2)
  5 orc sorcerers
  3 orc knights
  A phantasmal warrior (D:12)
  3 ugly things
  28 fauns
  2 deep elf magi
  15 cyclopes
  19 manticores
  27 black mambas
  8 elephants
  7 salamanders
  An ice statue (IceCv)
  13 sirens
  7 water nymphs
  2 guardian serpents (Snake:2)
  15 naga magi
  7 torpor snails
  16 spiny frogs
  2 rime drakes
  6 freezing wraiths
  An efreet (D:15)
  9 komodo dragons
  4 anaconda simulacra (IceCv)
  7 wind drakes
  10 trolls
  A golden dragon simulacrum (IceCv)
  24 merfolk
  10 polar bears
  5 ice devils (IceCv)
  Grinder (D:4)
  9 two-headed ogres
  4 tyrant leeches (Lair:6)
  7 hornets
  13 dream sheep
  4 raiju (Lair:6)
  20 blink frogs
  18 hippogriffs
  15 snapping turtles
  A vampire (D:12)
  15 water elementals
  A shadow (D:14)
  15 humans
  3 wyverns
  2 wraiths
  2 dire elephant simulacra (IceCv)
  23 yaks
  A hog (shapeshifter) (D:14)
  6 hungry ghosts
  2 vampire mosquitoes (D:12)
  3 basilisks
  2 mottled dragons (D:13)
  5 harpy simulacra (IceCv)
  An iron troll simulacrum (IceCv)
  11 wargs
  17 nagas
  6 hydra simulacra (IceCv)
  2 soldier ants (D:8)
  30 water moccasins
  Duvessa (D:4)
  11 porcupines
  8 sky beasts
  4 hell hounds (Lair:6)
  32 orc warriors
  A swamp drake (D:10)
  7 ice beasts
  A slave (D:4)
  14 black bears
  4 phantoms
  A necrophage (D:9)
  21 ogres
  18 wolves
  14 crocodiles
  25 centaurs
  3 big kobolds
  2 wyvern zombies
  14 bullfrogs
  A gnoll sergeant (D:10)
  A wyvern skeleton (D:6)
  4 scorpions
  Dowan (D:4)
  7 killer bees
  15 wights
  2 electric eels (Lair:3)
  2 howler monkeys
  8 crimson imps
  2 bullfrog zombies
  2 draconian simulacra (IceCv)
  A quasit (D:10)
  6 centaur zombies
  21 hounds
  4 jellies
  35 orc priests
  9 centaur skeletons
  32 orc wizards
  Crazy Yiuf (D:3)
  Jessica (D:2)
  Terence (D:2)
  6 iguanas
  2 spriggan simulacra (IceCv)
  15 worker ants
  A polar bear simulacrum (IceCv)
  5 troll simulacra (IceCv)
  A wolf simulacrum (IceCv)
  A hound zombie (D:5)
  A hound skeleton (D:10)
  2 worker ant zombies
  18 gnolls
  A howler monkey skeleton (D:8)
  2 naga simulacra (IceCv)
  10 adders
  5 ogre simulacra (IceCv)
  2 shadow imps
  6 white imps (IceCv)
  4 ufetubi (IceCv)
  2 adder zombies
  An adder skeleton (D:5)
  3 worms
  2 dart slugs (D:2)
  A leopard gecko (D:4)
  126 orcs
  3 ball pythons
  4 bats
  5 giant cockroaches
  28 hobgoblins
  21 jackals
  4 quokkas
  3 frilled lizards
  39 goblins
  15 kobolds
  A quokka skeleton (D:8)
  A quokka zombie (D:5)
  3 rats
  2 fungi
  10 plants
  20 tentacles (Shoals:4)
1386 creatures vanquished.

Vanquished Creatures (others)
  4 dream sheep (Lair:5)
  A worker ant (D:4)
  6 goblins (D:4)
  6 hobgoblins (D:4)
  A bush (Lair:6)
  22 fungi
  92 plants
  84 tentacles (Shoals:4)
216 creatures vanquished.

Grand Total: 1602 creatures vanquished

Notes
Turn   | Place    | Note
-------+----------+-------------------------------------------
     0 | D:1      | winWinterter the Formicid Venom Mage began the quest for the Orb.
     0 | D:1      | Reached XP level 1. HP: 13/13 MP: 3/3
    10 | D:1      | Noticed an electric eel
   614 | D:1      | Reached XP level 2. HP: 19/19 MP: 0/5
  1115 | D:1      | Reached XP level 3. HP: 25/25 MP: 3/6
  1544 | D:2      | Noticed Terence
  1563 | D:2      | Killed Terence
  1563 | D:2      | Reached skill level 1 in Fighting
  1563 | D:2      | Reached XP level 4. HP: 29/32 MP: 1/7
  1933 | D:2      | Reached XP level 5. HP: 31/38 MP: 4/8
  2001 | D:2      | Learned a level 3 spell: Mephitic Cloud
  2007 | D:2      | Learned a level 5 spell: Venom Bolt
  2182 | D:2      | Reached skill level 1 in Conjurations
  2251 | D:2      | Noticed Jessica
  2259 | D:2      | Killed Jessica
  2523 | D:3      | Reached XP level 6. HP: 44/44 MP: 1/10
  2808 | D:3      | Found a hazy altar of Hepliaklqana.
  2811 | D:3      | Found a shadowy altar of Dithmenos.
  2814 | D:3      | Found a glowing golden altar of the Shining One.
  2910 | D:3      | Reached skill level 1 in Short Blades
  3079 | D:3      | Found a runed door.
  3373 | D:3      | Noticed Crazy Yiuf
  3388 | D:3      | Killed Crazy Yiuf
  3489 | D:4      | Noticed a phantom
  3660 | D:4      | Reached XP level 7. HP: 31/51 MP: 12/12
  4076 | D:4      | Noticed Grinder
  4079 | D:4      | Gained mutation: You have an increased reservoir of magic. (+10% MP) [potion of mutation]
  4079 | D:4      | Lost mutation: You have an increased reservoir of magic. (+10% MP) [potion of mutation]
  4079 | D:4      | Gained mutation: You are robust. (+10% HP) [potion of mutation]
  4135 | D:5      | Entered Level 5 of the Dungeon
  4799 | D:5      | Found a sparkling altar of Nemelex Xobeh.
  4847 | D:5      | Reached XP level 8. HP: 42/63 MP: 8/13
  5092 | D:5      | Found a sacrificial altar of Ru.
  5976 | D:6      | Found Boxtunke's Assorted Antiques.
  5985 | D:6      | Bought a steaming ring mail for 180 gold pieces
  5995 | D:6      | Identified the +4 ring mail of the Equinox {Str+2} (You bought it in a shop on level 6 of the Dungeon)
  6041 | D:6      | Reached skill level 1 in Maces & Flails
  6113 | D:6      | Found a burning altar of Makhleb.
  6114 | D:6      | Found a shimmering altar of Xom.
  6295 | D:6      | Reached skill level 1 in Armour
  6767 | D:6      | Reached XP level 9. HP: 72/72 MP: 14/14
  6919 | D:6      | Reached skill level 5 in Fighting
  7424 | D:6      | Reached skill level 5 in Stealth
  7624 | D:7      | Found Geuxit's Antique Armour Shop.
  7690 | D:7      | Reached skill level 1 in Long Blades
  8032 | D:4      | Noticed Dowan
  8034 | D:4      | Noticed Duvessa
  8064 | D:4      | Killed Dowan
  8073 | D:4      | Killed Duvessa
  8073 | D:4      | Reached skill level 2 in Long Blades
  8323 | D:4      | Killed Grinder
  8357 | D:4      | Noticed Pikel
  8368 | D:4      | Killed Pikel
  8368 | D:4      | Reached skill level 3 in Long Blades
  8368 | D:4      | Reached XP level 10. HP: 74/81 MP: 5/16
  8659 | D:4      | Reached skill level 4 in Long Blades
  8969 | D:7      | Found a sparkling altar of Nemelex Xobeh.
  9002 | D:7      | Reached skill level 5 in Conjurations
  9016 | D:7      | Found Ilufaon's Distillery.
  9148 | D:7      | Reached skill level 5 in Long Blades
  9281 | D:7      | Found a radiant altar of Vehumet.
  9607 | D:7      | Found a staircase to the Ecumenical Temple.
  9915 | Temple   | Entered the Ecumenical Temple
  9983 | Temple   | Became a worshipper of Cheibriados the Contemplative
 10000 | D:7      | Learned a level 5 spell: Alistair's Intoxication
 10783 | D:8      | Noticed Stiffzip's ghost (novice NaVM)
 11296 | D:8      | Reached skill level 6 in Long Blades
 11380 | D:8      | Reached * piety under Cheibriados
 11497 | D:9      | Learned a level 4 spell: Iskenderun's Mystic Blast
 11723 | D:9      | Reached skill level 5 in Spellcasting
 11760 | D:9      | Reached XP level 11. HP: 77/89 MP: 13/18
 11883 | D:9      | Reached ** piety under Cheibriados
 12874 | D:10     | Entered Level 10 of the Dungeon
 13228 | D:7      | Reached *** piety under Cheibriados
 13242 | D:7      | Bought a runed shield for 252 gold pieces
 13352 | D:10     | Found a staircase to the Lair.
 13717 | D:10     | Found a staircase to the Orcish Mines.
 13873 | D:10     | Noticed a hill giant
 13936 | D:10     | Reached skill level 1 in Shields
 14020 | Lair:1   | Entered Level 1 of the Lair of Beasts
 14035 | Lair:1   | Reached **** piety under Cheibriados
 14171 | Lair:1   | Reached skill level 10 in Poison Magic
 14954 | Lair:1   | Reached XP level 12. HP: 91/97 MP: 18/21
 15130 | Lair:1   | Reached skill level 7 in Long Blades
 15384 | Lair:1   | Noticed a fire dragon
 15420 | Lair:1   | danger
 15728 | Lair:2   | Reached ***** piety under Cheibriados
 16408 | Lair:2   | Reached skill level 5 in Shields
 16531 | Lair:2   | Found a staircase to the Shoals.
 16643 | Lair:2   | Noticed a seven-headed hydra
 16651 | Lair:2   | Learned a level 5 spell: Iskenderun's Battlesphere
 16703 | Lair:2   | Reached skill level 8 in Long Blades
 16743 | Lair:2   | Killed a seven-headed hydra
 16892 | Lair:2   | Reached skill level 1 in Invocations
 17837 | Lair:3   | Reached skill level 5 in Invocations
 17987 | Lair:3   | Noticed an eight-headed hydra
 17993 | Lair:3   | Killed an eight-headed hydra
 17993 | Lair:3   | Reached XP level 13. HP: 105/105 MP: 5/22
 19585 | Lair:4   | Reached ****** piety under Cheibriados
 19836 | Lair:4   | Found a staircase to the Snake Pit.
 20140 | Lair:4   | Noticed an eight-headed hydra
 20147 | Lair:4   | Killed an eight-headed hydra
 20147 | Lair:4   | Reached skill level 10 in Invocations
 20954 | Lair:5   | Noticed a four-headed hydra
 20969 | Lair:5   | Noticed a four-headed hydra
 20982 | Lair:5   | Found a shimmering altar of Xom.
 21142 | Lair:5   | Killed a five-headed hydra
 21314 | Lair:5   | Killed a four-headed hydra
 22487 | D:11     | Reached XP level 14. HP: 113/113 MP: 23/23
 22627 | D:11     | Reached skill level 1 in Charms
 23040 | D:11     | Noticed KromesxD's ghost (journeyman MiBe)
 23124 | D:11     | Killed KromesxD's ghost
 23452 | D:11     | Reached skill level 9 in Long Blades
 23901 | D:12     | Found Noyph's Antique Weapon Shop.
 23915 | D:12     | Bought a glowing great sword for 262 gold pieces
 24328 | D:12     | Found Niofobli's Weapon Shoppe.
 24329 | D:12     | Noticed Snorg
 24336 | D:12     | Killed Snorg
 24536 | D:12     | Reached skill level 10 in Long Blades
 24688 | D:12     | Noticed Frances
 25009 | Lair:6   | Entered Level 6 of the Lair of Beasts
 25242 | Lair:6   | Found a viscous altar of Jiyva.
 25242 | Lair:6   | Found a staircase to the Slime Pits.
 25625 | Lair:6   | Reached skill level 5 in Armour
 25747 | Lair:6   | Reached skill level 11 in Long Blades
 25921 | Lair:6   | Reached XP level 15. HP: 121/121 MP: 8/25
 26437 | Lair:6   | Got an ancient bone ring
 26438 | Lair:6   | Identified the ring "Howibos" {Wiz Stlth+} (You found it on level 6 of the Lair of Beasts)
 26462 | Lair:6   | Reached skill level 12 in Long Blades
 26838 | Lair:6   | Reached skill level 1 in Transmutations
 27107 | Lair:6   | Found a runed door.
 27408 | Lair:6   | Gained mutation: Your mind is acute. (Int +2) [potion of beneficial mutation]
 27712 | Orc:1    | Entered Level 1 of the Orcish Mines
 27859 | D:10     | Reached skill level 13 in Long Blades
 28506 | D:12     | Killed Frances
 28599 | D:12     | Found Qoeb's Weapon Boutique.
 29041 | D:13     | Noticed Rupert
 29054 | D:13     | Killed Rupert
 30049 | D:14     | Found a gate to the Vaults.
 30049 | D:14     | Noticed Urug
 30058 | D:13     | Reached XP level 16. HP: 111/130 MP: 16/26
 30186 | D:14     | Reached skill level 14 in Long Blades
 30234 | D:14     | Noticed Xiguana's ghost (adept DrCK)
 30256 | D:13     | Killed Urug
 30805 | Orc:2    | Entered Level 2 of the Orcish Mines
 31252 | Orc:2    | Found a staircase to the Elven Halls.
 31741 | Orc:2    | Found Xakhlomn's Jewellery Emporium.
 31741 | Orc:2    | Found Pyum Vef's Magic Scroll Shoppe.
 32005 | Orc:2    | Found Welerret's General Store.
 32008 | Orc:2    | Found Gotre's Armour Emporium.
 32347 | Orc:2    | Bought the amulet "Hieg" {RegenMP rF+ Dex+6} for 905 gold pieces
 32780 | D:14     | Reached skill level 15 in Long Blades
 33243 | Snake:1  | Entered Level 1 of the Snake Pit
 34509 | Snake:2  | Reached skill level 5 in Transmutations
 34930 | Snake:2  | Reached XP level 17. HP: 61/138 MP: 19/27
 35323 | D:10     | Reached skill level 10 in Shields
 35463 | Orc:2    | Bought the +1 cloak "Nenidd" {MR+ Dex+3} for 397 gold pieces
 35559 | Orc:1    | Learned a level 6 spell: Statue Form
 35787 | Shoals:1 | Entered Level 1 of the Shoals
 36210 | Shoals:1 | Reached skill level 1 in Earth Magic
 36478 | Shoals:1 | Reached skill level 16 in Long Blades
 36705 | Shoals:1 | Noticed a titan
 36729 | Shoals:1 | Killed a titan
 37134 | Shoals:2 | Noticed Aizul
 37215 | Shoals:2 | Killed Aizul
 37344 | Shoals:1 | Learned a level 4 spell: Sticky Flame
 37450 | Shoals:2 | Found a frozen archway.
 37523 | IceCv    | Entered an ice cave
 37793 | IceCv    | Learned a level 5 spell: Fireball
 38449 | IceCv    | Noticed Feta's ghost (journeyman GrEE)
 38461 | IceCv    | Killed Feta's ghost
 38829 | IceCv    | Reached skill level 1 in Fire Magic
 40051 | D:10     | Learned a level 3 spell: Dazzling Spray
 40237 | Shoals:2 | Noticed Polyphemus
 40250 | Shoals:2 | Reached skill level 17 in Long Blades
 40252 | Shoals:2 | Reached XP level 18. HP: 138/147 MP: 2/30
 40265 | Shoals:2 | Killed Polyphemus
 40265 | Shoals:2 | Reached skill level 10 in Fighting
 40818 | Shoals:2 | You fall through a shaft!
 41447 | Shoals:3 | Got a vibrating ivory amulet
 42289 | Shoals:3 | Identified the amulet "Wyumm" {Faith +Inv} (You found it on level 3 of the Shoals)
 42293 | Shoals:4 | Entered Level 4 of the Shoals
 42890 | Shoals:4 | Noticed Ilsuiw
 43686 | Shoals:4 | Noticed a kraken
 43686 | Shoals:4 | Noticed a kraken
 43686 | Shoals:4 | Noticed a kraken
 43686 | Shoals:4 | Noticed a kraken
 43693 | Shoals:4 | Killed a kraken
 43693 | Shoals:4 | Reached skill level 10 in Conjurations
 43787 | Shoals:4 | Killed a kraken
 44383 | Shoals:4 | Killed a kraken
 44383 | Shoals:4 | Reached XP level 19. HP: 100/156 MP: 5/32
 45210 | Shoals:4 | Identified the Reference Book on Self-Knowledge
 45219 | Shoals:4 | Learned a level 6 spell: Deflect Missiles
 45392 | Shoals:4 | Noticed Donald
 46132 | Shoals:4 | Killed Ilsuiw
 46424 | Shoals:4 | Reached skill level 5 in Charms
 46508 | Shoals:4 | Reached skill level 10 in Spellcasting
 46771 | Shoals:4 | Killed Donald
 46771 | Shoals:4 | Reached skill level 18 in Long Blades
 47154 | Shoals:4 | Got a barnacled rune of Zot
 47622 | D:10     | Learned a level 6 spell: Statue Form
 47759 | D:5      | Fell from the grace of Cheibriados
 47759 | D:5      | Became a worshipper of Ru the Awakened
 47915 | D:14     | Noticed Heskey's ghost (journeyman HOFi)
 47941 | D:14     | Killed Heskey's ghost
 48703 | D:15     | Entered Level 15 of the Dungeon
 48940 | D:15     | Found a staircase to the Depths.
 49177 | D:15     | Found a shadowy altar of Dithmenos.
 49240 | D:15     | Gained mutation: Your magical capacity is low. (-10% MP) [Ru sacrifice]
 51116 | Snake:2  | Reached XP level 20. HP: 157/163 MP: 30/30
 51301 | Snake:2  | Reached skill level 15 in Shields
 52603 | Snake:2  | Gained mutation: You are hated by all. [Ru sacrifice]
 52603 | Snake:2  | Reached * piety under Ru
 52603 | Snake:2  | Reached ** piety under Ru
 52612 | Snake:2  | Reached skill level 5 in Dodging
 52914 | Snake:3  | Noticed Louise
 52926 | Snake:3  | Killed Louise
 53143 | Snake:3  | Noticed Vashnia
 53154 | Snake:3  | You fall through a shaft!
 53154 | Snake:4  | Entered Level 4 of the Snake Pit
 53163 | Snake:4  | HP: 6/163 [naga ritualist/Olgreb's Toxic Radiance (3)]
 53163 | Snake:4  | Slain by a naga warrior

Skill      XL: |  1  2  3  4  5  6  7  8  9 10 11 12 13 14 15 16 17 18 19 20 |
---------------+-------------------------------------------------------------+-----
Stealth        | 3 4 5 |  5.0
Fighting       | 1 2 3 4 5 6 7 8 9 10 | 10.8
Dodging        | 2 3 4 5 |  5.0
Poison Magic   | 6 7 8 9 10 11 | 11.4
Conjurations   | 1 3 4 6 8 9 10 | 10.5
Short Blades   | 1 2 3 |  3.6
Spellcasting   | 3 4 5 6 8 9 10 | 10.1
Maces & Flails | 1 2 |  2.4
Armour         | 1 3 5 6 7 8 |  8.7
Long Blades    | 3 6 8 11 13 15 17 18 | 18.2
Shields        | 2 5 7 8 9 10 11 14 15 | 15.3
Invocations    | 6 13 | 13.1
Charms         | 2 4 5 |  5.4
Transmutations | 3 5 6 |  6.7
Earth Magic    | 2 |  2.9
Fire Magic     | 1 3 |  3.0

Action                   |  1- 3 |  4- 6 |  7- 9 | 10-12 | 13-15 | 16-18 | 19-21 || total
-------------------------+-------+-------+-------+-------+-------+-------+-------++-------
Melee: Unarmed           |    23 |       |       |       |       |       |       ||    23
       Dagger            |    51 |       |       |       |       |       |       ||    51
       Short sword       |       |   138 |   242 |       |       |       |       ||   380
       Mace              |       |       |   188 |       |       |       |       ||   188
       Long sword        |       |       |   122 |   376 |       |       |       ||   498
       Scimitar          |       |       |       |   319 |   420 |       |       ||   739
       Great sword       |       |       |       |       |   500 |   832 |   499 ||  1831
Throw: Javelin           |       |       |       |       |     5 |    11 |     4 ||    20
 Cast: Sting             |    44 |    88 |    86 |   289 |   143 |   165 |    13 ||   828
       Mephitic Cloud    |       |     1 |     9 |    39 |    37 |    24 |     8 ||   118
       Iskenderun's Myst |       |       |       |    21 |    69 |    81 |    52 ||   223
       Venom Bolt        |       |       |       |       |    49 |   117 |   127 ||   293
       Alistair's Intoxi |       |       |       |       |     4 |     3 |       ||     7
       Iskenderun's Batt |       |       |       |       |       |    13 |    13 ||    26
       Sticky Flame      |       |       |       |       |       |    21 |     1 ||    22
       Fireball          |       |       |       |       |       |    34 |    26 ||    60
       Dazzling Spray    |       |       |       |       |       |       |     1 ||     1
Invok: Temporal Distorti |       |       |       |       |     1 |     5 |       ||     6
       Slouch            |       |       |       |       |     1 |     4 |     1 ||     6
       Bend Time         |       |       |       |       |       |     6 |       ||     6
       Step From Time    |       |       |       |       |       |     3 |     1 ||     4
       Sacrifice Essence |       |       |       |       |       |       |     1 ||     1
       Sacrifice Love    |       |       |       |       |       |       |     1 ||     1
 Abil: Dig               |       |       |       |     2 |    10 |    11 |    10 ||    33
       Shaft Self        |       |       |       |       |       |       |     1 ||     1
Evoke: Wand              |       |       |       |     1 |     2 |     5 |       ||     8
       Phantom mirror    |       |       |       |       |       |       |     1 ||     1
  Use: Potion            |       |     1 |     4 |     2 |     6 |    15 |     6 ||    34
       Scroll            |       |       |    16 |     3 |    15 |    11 |     7 ||    52
 Stab: Sleeping          |     6 |     2 |    14 |     5 |     6 |    11 |     9 ||    53
       Distracted        |     1 |       |     1 |     2 |     4 |     5 |     2 ||    15
       Confused          |       |     1 |     3 |    14 |    13 |     5 |     5 ||    41
       Invisible         |       |       |       |     4 |       |       |       ||     4
  Eat: Chunk             |     3 |     6 |    11 |     7 |    11 |     8 |    12 ||    58
       Pizza             |       |     1 |     1 |     2 |       |     1 |       ||     5
       Meat ration       |       |       |     2 |     2 |     1 |     6 |     2 ||    13
       Beef jerky        |       |       |     2 |       |    10 |       |     1 ||    13
       Bread ration      |       |       |     1 |       |       |       |       ||     1
       Fruit             |       |       |       |     2 |     4 |       |     4 ||    10
       Royal jelly       |       |       |       |     2 |     1 |     6 |    12 ||    21
Armor: Robe              |    16 |    22 |    19 |       |       |       |       ||    57
       Ring mail         |       |       |   151 |   278 |   238 |   240 |   127 ||  1034
       Leather armour    |       |       |    16 |       |       |       |       ||    16
       Skin              |       |       |     3 |       |       |       |       ||     3
Dodge: Dodged            |    61 |    83 |   324 |   364 |   357 |   372 |   202 ||  1763
Block: Shield            |       |       |       |   167 |   677 |   823 |   482 ||  2149
       Rpst.: Long sword |       |       |    26 |    80 |       |       |       ||   106
       Scimitar          |       |       |       |    37 |    39 |       |       ||    76
       Great sword       |       |       |       |       |    51 |    77 |    34 ||   162
